 Dungeon Crawl Stone Soup version 0.27-a0-385-g3208abaabc (webtiles) character file.

Game seed: 10204206941928803420

149 dolemite99 the Conjurer (level 4, -13/33 HPs)
             Began as a Demigod Conjurer on Feb 19, 2021.
             Killed by nerve-wracking pain
             ... invoked by an orc priest
              (14 damage)
             ... on level 3 of the Dungeon.
             The game lasted 00:04:14 (6371 turns).

dolemite99 the Conjurer (Demigod Conjurer)          Turns: 6371, Time: 00:04:14

Health: -13/33     AC:  2    Str:  8    XL:     4   Next: 82%
Magic:  9/9        EV: 12    Int: 24    God:
Gold:   137        SH:  0    Dex: 12    Spells: 3/6 levels left

rFire    . . .     SeeInvis .   e - +0 dagger
rCold    . . .     Faith    .   (no shield)
rNeg     . . .     Spirit   .   a - +0 robe
rPois    .         Reflect  .   (no helmet)
rElec    .         Harm     .   (no cloak)
rCorr    .         Rampage  .   (no gloves)
Will     .....                  (no boots)
Stlth    ++........             (no amulet)
HPRegen  0.11/turn              (no ring)
MPRegen  0.11/turn              (no ring)

@: berserk cooldown, slowed, very slow
A: high mp 1
a: no special abilities


You were on level 3 of the Dungeon.
You visited 1 branch of the dungeon, and saw 3 of its levels.

You collected 137 gold pieces.

Inventory:

Hand Weapons
 e - a +0 dagger (weapon)
 g - a +0 short sword
 i - a +0 hunting sling
 l - a +0 dagger
 m - a +0 hunting sling
 r - a +0 hunting sling
 s - a +2 dagger of speed
Missiles
 d - 188 stones
 n - 11 arrows
Armour
 a - a +0 robe (worn)
Jewellery
 t - an amulet of guardian spirit {unknown}
Scrolls
 c - a scroll of noise {unknown}
 j - a scroll of blinking {unknown}
 k - a scroll of identify {unknown}
 p - a scroll of random uselessness {unknown}
Potions
 b - a potion of heal wounds {unknown}
 h - 2 potions of invisibility {unknown}
 o - a potion of berserk rage
 q - a potion of curing {unknown}


   Skills:
 - Level 1.8 Dodging
 - Level 1.8 Stealth
 - Level 1.8 Spellcasting
 + Level 5.8 Conjurations


You had 3 spell levels left.
You knew the following spells:

 Your Spells              Type           Power        Failure   Level
a - Magic Dart            Conj           100%         1%          1
b - Searing Ray           Conj           60%          1%          2

Your spell library contained the following spells:

 Spells                   Type           Power        Failure   Level
 Dazzling Flash           Conj/Hex       32%          11%         3
 Fulminant Prism          Conj/Hex       8%           36%         4
 Iskenderun's Mystic Bla  Conj/Tloc      16%          36%         4


Dungeon Overview and Level Annotations

Branches:
Dungeon (3/15)


Innate Abilities, Weirdness & Mutations

You have an increased reservoir of magic. (+10% MP)


Message History

You kill the rat! (Press . to maintain the ray.) Unknown command.
You start resting.
HP restored.
You start resting.
Magic restored.
You start waiting.
Done waiting.
t - a dented copper amulet An orc priest comes into view.
The orc priest shouts!
You hear a shout!
The orc priest moves out of view.
Found a faded altar of an unknown god.
An orc priest comes into view. It is wielding a +0 flail.
An orc comes into view. It is wielding a +4 flail.
The orc shouts!
The orc priest mumbles some strange prayers to Beogh against you.
Beogh smites you!
The orc priest calls down the wrath of Beogh upon you.
Beogh smites you!
* * * LOW HITPOINT WARNING * * *
Found a scroll labelled FIECOYM GOTA.
Found three altars.
As you read the scroll labelled JERIOZ FONAOH, it crumbles to dust.
You feel aware of your surroundings.
It was a scroll of magic mapping.
It was a potion of berserk rage.
A red film seems to cover your vision as you go berserk!
You feel yourself moving faster!
You feel mighty!
The orc priest invokes the aid of Beogh against you.
Pain shoots through your body!
* * * LOW HITPOINT WARNING * * *
You are too berserk!
You feel a strong urge to attack something.
You feel your anger nearly subside.
You are no longer berserk.
You are exhausted.
You feel yourself slow down.
The orc priest invokes the aid of Beogh against you.
Pain shoots through your body!
You die...

*,*,* #..._....#,,,*
*******.#.#######.._8....#,,,*
,,,,,,............g._....#*,**
***,*##....#....,,.......#*,* *
*,,..........#*,,......#*,***
***,*#.........#**,,.....##,,,*
,,,,*#.........######o#...#..,*
*,***#.........#...oo........,*
,,,,,...........@####....8...,*
,,***#......<..### #...8.8.?,*
,,,,,....###...# #..8._.8.**
*,***#..,* #...# #...8.8..* *,*
#<..###...# #....8...*
*,***###.....#### #........*
*,,,>...........## #.##.##.#*
*****#####.#.###.###*,**,,,,*
#.#.# *...,,,*****,*


You could see 2 orc priests and an orc.

Vanquished Creatures
  Natasha (thrice) (D:2)
  An adder (D:2)
  A dart slug (D:2)
  A worm (D:2)
  A leopard gecko (D:2)
  An orc (D:3)
  2 ball pythons (D:1)
  8 bats
  6 giant cockroaches
  7 goblins
  10 hobgoblins
  5 kobolds
  3 frilled lizards (D:1)
  7 rats
56 creatures vanquished.

Notes
Turn   | Place    | Note
-------+----------+-------------------------------------------
     0 | D:1      | dolemite99 the Demigod Conjurer began the quest for the
                  | Orb.
     0 | D:1      | Reached XP level 1. HP: 14/14 MP: 5/5
   845 | D:1      | Reached skill level 4 in Conjurations
   896 | D:1      | Reached XP level 2. HP: 5/20 MP: 0/7
  1491 | D:1      | Learned a level 2 spell: Searing Ray
  2475 | D:1      | Reached XP level 3. HP: 26/26 MP: 5/8
  3536 | D:2      | Noticed Natasha
  3539 | D:2      | Killed Natasha
  3540 | D:2      | Reached skill level 5 in Conjurations
  3792 | D:2      | Found a stormy altar of Qazlal.
  4060 | D:2      | Noticed Natasha
  4077 | D:2      | Killed Natasha
  4078 | D:2      | Reached XP level 4. HP: 8/33 MP: 3/9
  4677 | D:2      | Noticed Natasha
  4685 | D:2      | Killed Natasha
  6361 | D:3      | Found a faded altar of an unknown god.
  6364 | D:3      | Found a hide-covered altar of Uskayaw.
  6364 | D:3      | Found a radiant altar of Vehumet.
  6364 | D:3      | Found a broken altar of Ashenzari.
  6367 | D:3      | HP: 1/49 [orc priest/nerve-wracking pain (5)]
  6371 | D:3      | Killed from afar by an orc priest

Illustrated notes

Levels and vault maps discovered:
D:1:      dpeg_arrival_leaves_temple_mockup, layout_basic
D:2:      layout_loops_ring, grunt_qazlal_sundering, uniq_natasha
D:3:      layout_loops_ring, chequers_temple_overflow_statue_of_worship,
          chequers_ecumenical_altar_simple_redux

Skill      XL: |  1  2  3 |
---------------+----------+-----
Conjurations   | 4 5 |  5.8
Dodging        | |  1.8
Stealth        | |  1.8
Spellcasting   | |  1.8

Action                   |  1- 3 |  4- 6 || total
-------------------------+-------+-------++-------
 Cast: Magic Dart        |    74 |     1 ||    75
       Searing Ray       |     6 |    10 ||    16
  Use: Scroll            |       |     1 ||     1
       Potion            |       |     1 ||     1
Armor: Robe              |     4 |       ||     4
Dodge: Dodged            |    17 |     6 ||    23

Table legend: (Time is in decaauts)
 A = Elapsed time spent in this place.
 B = Non-inter-level travel time spent in this place.
 C = Inter-level travel time spent in this place.
 D = Time resting spent in this place.
 E = Time spent auto-exploring this place.
 F = Levels seen in this place.
 G = Mean time per level.
                   A        B        C        D        E       F      G
               +--------+--------+--------+--------+--------+-----+--------+
         Total |   6370 |   6325 |     45 |   4541 |   1271 |   3 | 2123.3 |
       Dungeon |   6370 |   6325 |     45 |   4541 |   1271 |   3 | 2123.3 |
               +--------+--------+--------+--------+--------+-----+--------+

Top non-repeatable levels by time:
     D:2: 3552 daAuts
     D:1: 2595 daAuts
     D:3: 222 daAuts
